 Dungeon Crawl Stone Soup version 0.27.0-1-g7a089689b8 (webtiles) character file.

Game seed: 16818351725450094877

200922 HungrySpirit the Warrior (level 17, -3/142 HPs)
             Began as a Mummy Abyssal Knight on Aug 1, 2021.
             Was the Champion of Lugonu.
             Killed from afar by an ironbound frostheart (28 damage)
             ... by creeping frost
             ... on level 1 of the Vaults.
             The game lasted 01:34:22 (47778 turns).

HungrySpirit the Warrior (Mummy Abyssal Knight)    Turns: 47778, Time: 01:34:22

Health: -3/142     AC: 17    Str: 15    XL:     17   Next: 89%
Magic:  32/32      EV: 18    Int: 17    God:    Lugonu [******]
Gold:   1612       SH: 17    Dex: 27    Spells: 16/16 levels left

rFire    + + +     SeeInvis .   h - +7 broad axe (freeze)
rCold    + . .     Faith    .   V - +0 kite shield
rNeg     + + +     Spirit   .   r - +5 scale mail of Coclaoxu {Regen+ MP+9 Int+4}
rPois    ∞         Reflect  +   (no helmet)
rElec    .         Harm     .   K - +0 cloak of the Buccaneer {Fly Dex+6}
rCorr    .         Rampage  .   I - +0 pair of gloves
Will     ++...                  (no boots)
Stlth    ++........             c - amulet of reflection
HPRegen  1.33/turn              y - ring of protection from fire
MPRegen  0.23/turn              R - ring of Conformity {rF+++ rN+ Str-2 Dex+6 Stlth+}

@: about to teleport, frozen, flying, very slow
A: cold resistance 1, negative energy resistance 3, torment resistance 2, heat
vulnerability 1, in touch with death 1, no potions
}: 1/15 runes: serpentine
a: Renounce Religion, Depart the Abyss, Bend Space, Banish, Corrupt, Enter the
Abyss, Brand Weapon With Distortion


You were on level 1 of the Vaults.
You worshipped Lugonu.
Lugonu was exalted by your worship.
You visited 6 branches of the dungeon, and saw 29 of its levels.
You visited the Abyss 1 time.

You collected 3847 gold pieces.
You spent 2235 gold pieces at shops.

Inventory:

Hand Weapons
 h - a +7 broad axe of freezing (weapon)
 v - a +2 trident of venom
 J - a +4 scimitar of flaming
 T - a +0 broad axe of electrocution
Missiles
 i - 4 javelins
 n - 63 poisoned darts
 p - a throwing net
 F - 8 curare-tipped darts (quivered)
Armour
 a - +2 fire dragon scales
 r - the +5 scale mail of Coclaoxu (worn) {Regen+ MP+9 Int+4}
   (You found it on level 12 of the Dungeon)

   Int:       It affects your intelligence (+4).
   MP:        It affects your magic capacity (+9).
   Regen:     It increases your rate of health regeneration.
 I - a +0 pair of gloves (worn)
 K - the +0 cloak of the Buccaneer (worn) {Fly Dex+6}
   (You bought it in a shop on level 2 of the Orcish Mines)

   Dex:       It affects your dexterity (+6).
   Fly:       It grants you flight.
 V - a +0 kite shield (worn)
Jewellery
 b - a ring of fire
 c - an amulet of reflection (around neck)
 f - a ring of ice
 y - a ring of protection from fire (left hand)
 z - an amulet of magic regeneration
 L - a ring of magical power
 P - a ring of wizardry
 R - the ring of Conformity (right hand) {rF+++ rN+ Str-2 Dex+6 Stlth+}
   (You bought it in a shop on level 1 of the Snake Pit)

   [ring of dexterity]

   Str:       It affects your strength (-2).
   Dex:       It affects your dexterity (+6).
   rF:        It renders you almost immune to fire.
   rN:        It protects you from negative energy.
   Stlth:     It makes you more stealthy.
 U - a ring of flight
Wands
 g - a wand of charming (6)
 s - a wand of digging (8)
 C - a wand of flame (208)
 H - a wand of mindburst (1)
 N - a wand of acid (6)
 O - a wand of iceblast (14)
Scrolls
 d - 3 scrolls of magic mapping
 e - 12 scrolls of teleportation
 j - 3 scrolls of blinking
 k - a scroll of holy word
 l - 4 scrolls of summoning
 m - 8 scrolls of amnesia
 o - 8 scrolls of enchant armour
 q - 3 scrolls of vulnerability
 u - 4 scrolls of immolation
 w - 9 scrolls of noise
 x - 4 scrolls of identify
 B - 3 scrolls of fog
 D - 2 scrolls of fear
 G - a scroll of torment
Miscellaneous
 Q - a box of beasts
 S - a lightning rod (4/4)


   Skills:
 + Level 15.1 Fighting
 - Level 1.5(2.9) Short Blades
 - Level 3.8(4.0) Long Blades
 + Level 14.9(15.1) Axes
 - Level 4.6(10.9) Polearms
 + Level 11.3 Armour
 - Level 12.0 Dodging
 * Level 9.2 Shields
 + Level 9.2 Invocations


You had 16 spell levels left.
You didn't know any spells.
Your spell library contained the following spells:

 Spells                   Type           Power      Damage    Failure   Level
 Apportation              Tloc           0%         N/A       82%         1
 Foxfire                  Conj/Fire      0%         2x1d4     82%         1
 Magic Dart               Conj           0%         1d3       82%         1
 Sting                    Tmut/Pois      0%         1d3       82%         1
 Corpse Rot               Necr/Air       N/A        N/A       91%         2
 Poisonous Vapours        Pois/Air       0%         N/A       91%         2
 Searing Ray              Conj           0%         3d3       91%         2
 Slow                     Hex            0%         N/A       91%         2
 Confusing Touch          Hex            0%         N/A       99%         3
 Conjure Flame            Conj/Fire      0%         6-21      99%         3
 Dazzling Flash           Conj/Hex       0%         N/A       99%         3
 Frozen Ramparts          Ice            0%         1d2       99%         3
 Ignite Poison            Fire/Tmut/Pois 0%         N/A       99%         3
 Inner Flame              Hex/Fire       0%         N/A       99%         3
 Portal Projectile        Hex/Tloc       0%         N/A       99%         3
 Teleport Other           Tloc           0%         N/A       99%         3
 Dispel Undead            Necr           0%         3d6       100%        4
 Fulminant Prism          Conj/Hex       0%         3d6       100%        4
 Iskenderun's Mystic Bla  Conj/Tloc      0%         2d3       100%        4
 Olgreb's Toxic Radiance  Pois           0%         N/A       100%        4
 Petrify                  Tmut/Erth      0%         N/A       100%        4
 Summon Ice Beast         Ice/Summ       0%         N/A       100%        4
 Excruciating Wounds      Necr           0%         N/A       100%        5
 Metabolic Englaciation   Hex/Ice        0%         N/A       100%        5
 Yara's Violent Unravell  Hex/Tmut       0%         3d3       100%        5
 Death Channel            Necr           0%         N/A       100%        6
 Dispersal                Tloc           0%         N/A       100%        6
 Eringya's Noxious Bog    Tmut/Pois      0%         N/A       100%        6
 Starburst                Conj/Fire      0%         8x6d3     100%        6
 Summon Hydra             Summ           0%         N/A       100%        7
 Sublimation of Blood     Necr           Unusable   N/A       N/A         2
 Wereblood                Tmut           Unusable   N/A       N/A         2
 Ice Form                 Ice/Tmut       Unusable   N/A       N/A         4
 Blade Hands              Tmut           Unusable   N/A       N/A         5
 Statue Form              Tmut/Erth      Unusable   N/A       N/A         6

Dungeon Overview and Level Annotations

Branches:
Dungeon (15/15)            Temple (0/1) D:7            Lair (6/6) D:9
  Swamp (0/4) Lair:3        Snake (4/4) Lair:4        Slime (0/5) Lair:6
    Orc (2/2) D:12            Elf (1/3) Orc:2        Vaults (1/5) D:14
 Depths (0/5) D:15

Altars:
Elyvilon
Gozag
Hepliaklqana
Nemelex Xobeh
Okawaru
Ru
Sif Muna
Vehumet
The Shining One
Beogh

Shops:
D:6 *   D:7 !   Orc:2 ::*   Snake:1 ::=:   Vaults:1 (

Portals:
Trove: D:11 (give +7 demon blade)

Annotations:
D:2 Terence
D:4 2 runed translucent doors, Crazy Yiuf; heinrich's ghost, amateur TrMo
D:10 2 runed translucent doors
D:11 3 runed translucent doors, crawlogic's ghost, journeyman KoFi
Lair:1 2 transporters, Ceckukk's ghost, journeyman GrEE
Lair:4 3 runed translucent doors, Ceyroiss's ghost, journeyman HuWn; Nubia's ghost, journeyman GnEn


Innate Abilities, Weirdness & Mutations

You are immune to poison.
Your flesh is cold resistant. (rC+)
You are immune to negative energy. (rN+++)
You are immune to unholy pain and torment.
You are vulnerable to heat. (rF-)
You are in touch with the powers of death.
You do not drink.


Message History

The vault warden is moderately wounded.
You block the vault warden's attack.
An ironbound frostheart comes into view.
The ironbound frostheart calls freezing cold from the walls.
The frost grips you!! You partially resist.
You are encased in ice.
You hit the vault warden but do no damage.
The vault warden is moderately wounded.
The vault warden hits you with a +1 glaive!!
Unknown command.
You slash the vault warden! You freeze the vault warden.
The vault warden is heavily wounded.
You block the vault warden's attack.
The ironbound frostheart calls freezing cold from the walls.
The frost grips you!! You partially resist.
Unknown command.
You slash the vault warden! You freeze the vault warden.
The vault warden is severely wounded.
You block the vault warden's attack.
Unknown command.
You slice the vault warden!! You freeze the vault warden!
The vault warden is almost dead.
The ice encasing you melts away. You block the vault warden's attack.
Unknown command.
You hit the vault warden. You freeze the vault warden.
You kill the vault warden!
Lugonu accepts your kill.
The runic seals fade away.
The ironbound frostheart calls freezing cold from the walls.
The frost grips you!! You partially resist.
* * * LOW HITPOINT WARNING * * *
You are encased in ice.
You can't drink.
As you read the scroll of teleportation, it crumbles to dust.
You feel strangely unstable.
You block the ironbound frostheart's attack.
The ironbound frostheart calls freezing cold from the walls.
The frost grips you!! You partially resist.
You die...

[.....#
#......# ###
### ......#
#......#
......#
#......#
#######
#......# ..#.#
#......# ##'##
#......# ..#.#
######+#####
..#.# #
#.......# #
##'##
#..####@####..#
..#.#
#.....#p#..p..#
..#.# #.p...#
..#.# ##...##
##### ##>##
..#.# ### ..#.#
##'## ..#.#


You could see 2 ironbound frosthearts.

Vanquished Creatures
  8 nagarajas
  A vault warden (Vaults:1)
  2 ironbound preservers
  The ghost of stickyfingers the Nimble, a journeyman SpFE of Nemelex Xobeh (D:13)
  Harold (D:10)
  A peacekeeper (Vaults:1)
  4 ogre magi (Orc:2)
  9 hydras
  14 naga warriors
  2 death knights
  22 two-headed ogres
  3 boulder beetles
  5 anacondas
  11 centaur warriors
  2 ironbound frosthearts (Vaults:1)
  13 death yaks
  9 shock serpents
  6 catoblepae
  5 tengu warriors
  10 naga sharpshooters
  An ironbound beastmaster (Vaults:1)
  An orc high priest (Orc:1)
  3 deep elf knights
  6 deep trolls
  3 salamander mystics
  3 sea snakes (Snake:2)
  12 deep elf pyromancers
  7 naga ritualists
  3 deep elf zephyrmancers (Elf:1)
  A necromancer (D:14)
  3 wizards
  A lindwurm (Vaults:1)
  12 mana vipers
  14 ugly things
  A will-o-the-wisp (Lair:3)
  7 manticores
  12 salamanders
  A mana viper (shapeshifter) (D:10)
  Maurice (D:7)
  7 cyclopes
  An orc sorcerer (Orc:1)
  13 elephants (Lair:6)
  16 naga magi
  23 black mambas
  8 guardian serpents
  A vault sentinel (Vaults:1)
  Maggie (D:8)
  A kobold demonologist (D:12)
  11 cane toads
  A gargoyle (D:14)
  3 freezing wraiths
  Psyche (D:10)
  7 yaktaurs (Vaults:1)
  A rime drake (Lair:6)
  4 ice devils
  3 efreet
  3 komodo dragons
  6 trolls
  A meliai (D:9)
  A hornet (D:8)
  11 blink frogs
  20 slime creatures
  3 polar bears
  A dream sheep (shapeshifter) (D:15)
  7 shadows
  An air elemental (Elf:1)
  2 ynoxinuls (D:13)
  7 wyverns
  40 yaks
  3 wraiths
  Eustachio (D:5)
  5 basilisks
  A steam dragon (Lair:2)
  10 vampire mosquitoes
  3 wargs
  53 nagas
  15 water moccasins
  An acid dragon (D:10)
  2 sky beasts
  18 orc warriors
  A hornet zombie (D:9)
  A black bear (D:7)
  2 necrophages
  An ice beast (D:6)
  8 wolves (Lair:4)
  26 ogres
  6 centaurs
  2 kobold brigands
  A scorpion (D:7)
  A gnoll sergeant (D:11)
  14 bullfrogs
  A water moccasin skeleton (D:5)
  7 killer bees
  6 wights
  2 electric eels (Snake:2)
  2 howler monkeys
  3 centaur zombies
  3 hounds
  7 jellies
  12 orc priests
  A centaur skeleton (D:7)
  2 gnoll shamans
  Ijyb (D:4)
  3 iguanas (D:5)
  Natasha (thrice) (D:4)
  16 orc wizards
  A scorpion zombie (D:5)
  A hound zombie (D:5)
  A hound skeleton (D:5)
  A howler monkey zombie (D:9)
  12 gnolls
  5 adders
  An adder skeleton (D:4)
  4 worms
  63 orcs
  9 ball pythons
  4 bats
  6 giant cockroaches
  8 goblins
  5 hobgoblins
  2 quokkas
  3 frilled lizards
  10 kobolds
  2 rats
808 creatures vanquished.

Vanquished Creatures (others)
  A wizard (Vaults:1)
  An elephant (Lair:6)
  A guardian serpent (Snake:4)
  An orc wizard (D:5)
  2 orcs
  4 foxfires (Lair:3)
  28 fungi
  35 plants
  6 withered plants (Lair:4)
79 creatures vanquished.

Grand Total: 887 creatures vanquished

Notes
Turn   | Place    | Note
-------+----------+-------------------------------------------
     0 | Abyss:1  | HungrySpirit the Mummy Abyssal Knight began the quest for
                  | the Orb.
     0 | Abyss:1  | Reached XP level 1. HP: 18/18 MP: 2/2
    31 | Abyss:1  | Noticed a large abomination
   116 | Abyss:2  | Noticed a raiju
   116 | Abyss:2  | Noticed a raiju
   117 | D:1      | Escaped the Abyss
   206 | D:1      | Reached * piety under Lugonu
   304 | D:1      | Reached XP level 2. HP: 18/24 MP: 3/3
   908 | D:2      | Reached skill level 4 in Fighting
  1038 | D:2      | Reached XP level 3. HP: 26/30 MP: 4/4
  1740 | D:3      | Noticed Terence
  2462 | D:3      | Reached XP level 4. HP: 38/38 MP: 5/5
  2675 | D:3      | Reached skill level 5 in Fighting
  3144 | D:4      | Noticed an ogre
  3146 | D:4      | Noticed Ijyb
  3147 | D:4      | Killed an ogre
  3148 | D:4      | Reached skill level 6 in Fighting
  3148 | D:4      | Reached XP level 5. HP: 46/46 MP: 6/6
  3151 | D:4      | Paralysed by Ijyb for 6 turns
  3193 | D:4      | Killed Ijyb
  3314 | D:4      | Found a runed translucent door.
  3324 | D:4      | Noticed heinrich's ghost (amateur TrMo)
  3637 | D:4      | Found an opulent altar of Gozag.
  3859 | D:4      | Found a runed translucent door.
  3860 | D:4      | Noticed Crazy Yiuf
  3976 | D:4      | Noticed Natasha
  3981 | D:4      | Killed Natasha
  4312 | D:5      | Entered Level 5 of the Dungeon
  4326 | D:4      | Reached XP level 6. HP: 51/53 MP: 7/7
  4341 | D:4      | Reached skill level 7 in Fighting
  4616 | D:5      | Reached ** piety under Lugonu
  5072 | D:5      | Noticed Eustachio
  5097 | D:5      | Killed Eustachio
  5098 | D:5      | Reached skill level 8 in Fighting
  5098 | D:5      | Reached XP level 7. HP: 52/63 MP: 8/8
  5605 | D:5      | Reached skill level 9 in Fighting
  6134 | D:5      | Reached skill level 1 in Long Blades
  6330 | D:4      | Reached XP level 8. HP: 51/71 MP: 9/9
  6450 | D:4      | Noticed Natasha
  6463 | D:4      | Killed Natasha
  6850 | D:5      | Found a runed translucent door.
  7380 | D:4      | Noticed Natasha
  7597 | D:4      | Killed Natasha
  7754 | D:4      | Reached skill level 1 in Polearms
  9067 | D:6      | Found a sparkling altar of Nemelex Xobeh.
  9123 | D:6      | Identified the +5 war axe of the Median {vorpal, Drain rF+
                  | MP+9 Dex+5}
  9525 | D:6      | Reached skill level 1 in Axes
  9672 | D:6      | Found Ledezuow's Assorted Antiques.
  9675 | D:6      | Bought a shiny gold wand for 80 gold pieces
 10034 | D:7      | Reached *** piety under Lugonu
 10189 | D:7      | Reached XP level 9. HP: 75/77 MP: 10/10
 10241 | D:6      | Reached skill level 1 in Shields
 10289 | D:7      | Found a staircase to the Ecumenical Temple.
 10299 | D:7      | Found Nurim's Distillery.
 10723 | D:7      | Found a shimmering blue altar of Sif Muna.
 11872 | D:8      | Noticed Maggie
 11900 | D:8      | Noticed Maurice
 11921 | D:7      | Killed Maurice
 12197 | D:8      | Noticed a two-headed ogre
 12213 | D:8      | Reached skill level 10 in Fighting
 12262 | D:8      | Killed Maggie
 12321 | D:8      | HP: 2/78 [two-headed ogre (13)]
 12328 | D:8      | Killed a two-headed ogre
 12329 | D:8      | Reached XP level 10. HP: 4/85 MP: 11/11
 13114 | D:8      | Reached skill level 5 in Axes
 13246 | D:8      | Reached skill level 5 in Armour
 13435 | D:8      | Identified 2 scrolls of acquirement
 13435 | D:8      | Acquired 661 gold pieces
 13437 | D:8      | Acquired a manual of Dodging
 13457 | D:9      | Reached skill level 1 in Dodging
 13618 | D:9      | Found a staircase to the Lair.
 13887 | D:9      | Noticed a two-headed ogre
 13919 | D:9      | Killed a two-headed ogre
 14224 | D:8      | Reached **** piety under Lugonu
 14795 | D:9      | Noticed a two-headed ogre
 14834 | D:9      | Killed a two-headed ogre
 14835 | D:9      | Reached XP level 11. HP: 51/90 MP: 12/12
 15257 | D:9      | Identified the +3 ring mail "Yqiysajid" {Int+2}
 15323 | D:9      | Found a hazy altar of Hepliaklqana.
 15323 | D:9      | Found a radiant altar of Vehumet.
 15383 | D:10     | Entered Level 10 of the Dungeon
 15690 | D:10     | Noticed Harold
 15713 | D:10     | Killed Harold
 15998 | D:10     | Noticed Psyche
 16364 | D:10     | Found a runed translucent door.
 16364 | D:10     | Found a runed translucent door.
 16364 | D:10     | Noticed a brown ugly thing
 16364 | D:10     | Noticed a red ugly thing
 17117 | D:10     | Noticed an eight-headed hydra
 17629 | D:10     | Noticed a four-headed hydra
 17734 | D:10     | Killed Psyche
 17737 | D:10     | Noticed a two-headed ogre
 17809 | Lair:1   | Entered Level 1 of the Lair of Beasts
 17815 | Lair:1   | Reached skill level 5 in Dodging
 17867 | Lair:1   | Found a transporter.
 17869 | Lair:1   | Noticed Ceckukk's ghost (journeyman GrEE)
 17872 | Lair:1   | Found a transporter.
 17929 | Lair:1   | Noticed a six-headed hydra
 17940 | Lair:1   | Killed a six-headed hydra
 19313 | Lair:1   | Noticed a six-headed hydra
 19665 | D:10     | Noticed a boulder beetle
 19821 | D:10     | Killed a boulder beetle
 19851 | D:10     | Noticed a centaur warrior
 19851 | D:10     | Noticed a two-headed ogre
 19851 | D:10     | Noticed a centaur warrior
 19853 | D:10     | Noticed a four-headed hydra
 19856 | D:10     | Noticed a deep elf pyromancer
 20580 | D:10     | Killed a four-headed hydra
 20581 | D:10     | Reached XP level 12. HP: 38/99 MP: 13/13
 20807 | D:10     | Killed a two-headed ogre
 21345 | D:10     | Killed a two-headed ogre
 21346 | D:10     | Reached skill level 11 in Fighting
 22604 | D:11     | Found a portal to a secret trove of treasure.
 22755 | D:11     | Found a runed translucent gate.
 22756 | D:11     | Found a runed translucent gate.
 22757 | D:11     | Found a runed translucent gate.
 22758 | D:11     | Found an opulent altar of Gozag.
 22759 | D:11     | Noticed crawlogic's ghost (journeyman KoFi)
 22760 | D:11     | Noticed a two-headed ogre
 23014 | D:12     | Noticed a two-headed ogre
 23891 | D:12     | Killed a two-headed ogre
 24109 | D:12     | Identified the +5 scale mail of Coclaoxu {Regen+ MP+9
                  | Int+4}
 24321 | D:12     | Reached skill level 10 in Axes
 24400 | D:12     | Found a staircase to the Orcish Mines.
 24641 | Orc:1    | Entered Level 1 of the Orcish Mines
 24755 | Orc:2    | Entered Level 2 of the Orcish Mines
 24833 | Orc:2    | Found a staircase to the Elven Halls.
 24904 | Orc:2    | Noticed a two-headed ogre
 24919 | Orc:2    | Killed a two-headed ogre
 24926 | Orc:2    | Noticed a two-headed ogre
 24927 | Orc:2    | Noticed a two-headed ogre
 24987 | Orc:1    | Killed a two-headed ogre
 25122 | Orc:2    | Noticed an ogre mage
 25252 | Orc:1    | Gained mutation: You are in touch with the powers of death.
                  | [Mummy growth]
 25252 | Orc:1    | Reached XP level 13. HP: 107/107 MP: 14/14
 25865 | Orc:1    | Reached ***** piety under Lugonu
 26009 | Orc:2    | Reached skill level 12 in Fighting
 26213 | Orc:2    | Found Qurr's Assorted Antiques.
 26213 | Orc:2    | Found Fidesumm's Book Boutique.
 26214 | Orc:2    | Found Obumubb's Magic Scroll Boutique.
 26214 | Orc:2    | Found Negim Hab's Book Shoppe.
 26277 | Orc:2    | Reached skill level 10 in Dodging
 26363 | Orc:2    | Bought a scroll of identify for 30 gold pieces
 26861 | Orc:2    | Bought a translucent cloak for 218 gold pieces
 26861 | Orc:2    | Identified the +0 cloak of the Buccaneer {Fly Dex+6} (You
                  | bought it in a shop on level 2 of the Orcish Mines)
 26874 | Orc:2    | Bought a scroll of blinking for 112 gold pieces
 26874 | Orc:2    | Bought a scroll of enchant weapon for 112 gold pieces
 26874 | Orc:2    | Bought a scroll of teleportation for 45 gold pieces
 26874 | Orc:2    | Bought a scroll of blinking for 112 gold pieces
 26874 | Orc:2    | Bought a scroll of teleportation for 45 gold pieces
 26874 | Orc:2    | Bought a scroll of fear for 52 gold pieces
 26874 | Orc:2    | Bought a scroll of magic mapping for 52 gold pieces
 27029 | D:6      | Bought a scroll of identify for 40 gold pieces
 27029 | D:6      | Bought a scroll of identify for 40 gold pieces
 27029 | D:6      | Bought a scroll of fear for 70 gold pieces
 27321 | D:13     | Found an iron altar of Okawaru.
 28214 | Lair:2   | Reached XP level 14. HP: 116/116 MP: 16/16
 29044 | Lair:3   | Found a staircase to the Swamp.
 29305 | Lair:3   | You are sucked into a shaft and drop 1 floor!
 29333 | Lair:4   | Found a staircase to the Snake Pit.
 30400 | Lair:4   | Found a runed translucent gate.
 30400 | Lair:4   | Found a runed translucent gate.
 30401 | Lair:4   | Found a runed translucent gate.
 30404 | Lair:4   | Noticed Nubia's ghost (journeyman GnEn)
 30404 | Lair:4   | Noticed Ceyroiss's ghost (journeyman HuWn)
 30884 | Lair:5   | Got the Catalogue of Noxious Displacement
 31548 | Lair:6   | Entered Level 6 of the Lair of Beasts
 31615 | Lair:6   | Reached skill level 13 in Fighting
 32068 | Lair:6   | Reached ****** piety under Lugonu
 32538 | Lair:6   | Found a staircase to the Slime Pits.
 32916 | Lair:6   | Reached skill level 5 in Invocations
 32941 | Lair:6   | Reached XP level 15. HP: 68/124 MP: 18/18
 34330 | Snake:1  | Entered Level 1 of the Snake Pit
 35148 | Snake:1  | Found Baodupn's Book Emporium.
 35426 | Snake:1  | Found Zeny's Book Emporium.
 35426 | Snake:1  | Found Eroy's Jewellery Shop.
 35427 | Snake:1  | Found Dasuiceo's Book Emporium.
 35439 | Snake:1  | Bought the ring of Conformity {rF+++ rN+ Str-2 Dex+6
                  | Stlth+} for 1227 gold pieces
 36286 | Snake:2  | Identified the +1 falchion "Ysenedwo" {holy, Str+6}
 38070 | Snake:3  | Reached XP level 16. HP: 126/132 MP: 20/20
 38379 | Snake:4  | Entered Level 4 of the Snake Pit
 38493 | Snake:4  | Reached skill level 10 in Armour
 38699 | Snake:3  | Reached skill level 14 in Fighting
 39351 | Snake:4  | Reached skill level 5 in Shields
 42341 | Snake:4  | Noticed a quicksilver dragon
 42617 | Snake:4  | Noticed a quicksilver dragon
 43192 | Elf:1    | Entered Level 1 of the Elven Halls
 43452 | Elf:1    | Reached XP level 17. HP: 121/140 MP: 23/23
 43491 | Elf:1    | Paralysed by an air elemental for 1 turns
 43497 | Elf:1    | Paralysed by an air elemental for 1 turns
 44079 | D:13     | Found a runed translucent gate.
 44080 | D:13     | Found a runed translucent gate.
 44080 | D:13     | Identified the +6 chain mail "Cocaa" {+Blink rF- Str+3}
 44081 | D:13     | Noticed stickyfingers's ghost (journeyman SpFE)
 44081 | D:13     | Found a runed translucent gate.
 44211 | D:13     | Killed stickyfingers's ghost
 44928 | D:14     | Found a sacrificial altar of Ru.
 45058 | D:14     | Found a gate to the Vaults.
 45184 | D:15     | Entered Level 15 of the Dungeon
 45796 | D:15     | Found a staircase to the Depths.
 46768 | Snake:4  | Got a serpentine rune of Zot
 47108 | Vaults:1 | Entered Level 1 of the Vaults
 47198 | Vaults:1 | Found Boruit's Weapon Shoppe.
 47294 | Vaults:1 | Reached skill level 15 in Fighting
 47778 | Vaults:1 | Killed from afar by an ironbound frostheart

Illustrated notes

Levels and vault maps discovered:
D:1:      lightli_arrival_noodles, layout_basic, chequers_serial_rivers_micro_a
D:2:      layout_loops_ring
D:3:      layout_basic, uniq_terence
D:4:      layout_basic, mainiacjoe_overflow_catwalk,
          chequers_ossuary_entry_cave, ebering_ghost_reflecting_pool,
          minivault_23, uniq_crazy_yiuf_cottage, uniq_natasha, uniq_ijyb
D:5:      layout_basic, minitemple, lightli_church_of_beogh, uniq_eustachio
D:6:      layout_loops_corners, mainiacjoe_overflow_surrounded_room,
          serial_shops, kennysheep_mini_moat, chequers_mini_garden
D:7:      layout_cave_pools, nicolae_sif_muna_condensation, temple_statues,
          serial_shops, shop_fountains, kennysheep_generic_room_13
D:8:      layout_rooms, minmay_misc_feat_encased, uniq_maggie, uniq_maurice
D:9:      kennysheep_six_static_rooms, layout_basic,
          gammafunk_temple_overflow_elements, dpeg_oklobed_lair
D:10:     minmay_the_grid_four_pointed_star
          [minmay_the_grid_triangle_9x9_tough_junction,
          minmay_the_grid_triangle_9x9_intruding_spiral,
          minmay_the_grid_triangle_9x9_zippers_vertical,
          minmay_the_grid_triangle_9x9_windchime,
          minmay_the_grid_prize_four_corners], layout_irregular_city,
          uniq_psyche, uniq_harold
D:11:     layout_rooms, ebering_ghost_gozag, trove_entry_hex_spiral
D:12:     cheibrodos_quadrivalence, layout_small_grid, gauntlet_entry_generic
D:13:     layout_loops_ring, biasface_ghost_orc_armoury,
          okawaru_ov_weapons_minmay
D:14:     layout_gridville, david_vaults_1, nicolae_ru_path_of_blood,
          grunt_decor_cap
D:15:     hangedman_depths_entry_try_elsewhere_first, layout_cave_pools,
          minivault_27
Lair:1:   layout_cave_pods, gammafunk_ghost_arena
Lair:2:   layout_regular_city
Lair:3:   layout_roguey, minmay_swamp_entry_wisps, grunt_megastairs_2
Lair:4:   layout_gridlike, guppyfry_snake_entry_island,
          gammafunk_ghost_cemetery, chequers_serial_rivers_micro_c,
          lemuel_fruit_fields
Lair:5:   layout_gridlike, nicolae_lair_yak_garden, grunt_megastairs_1
Lair:6:   evilmike_catoblepas_cave, layout_loops_ring,
          nicolae_slime_entry_slimehenge
Snake:1:  layout_grid_shapes, serial_shops, shop, minmay_shop_grove
Snake:2:  layout_honeycomb, st_stairs_10, serial_bayou_shore_b,
          serial_bayou_shore_a
Snake:3:  layout_onion
Snake:4:  hellmonk_snake_rune_quicksilver_temple, layout_cave_town,
          nrook_guardian_serpent_ordinary
Orc:1:    layout_caves
Orc:2:    st_orc_ogre_mass, layout_diamond_mine
Elf:1:    eino_elf_arrival_the_gate, layout_rooms,
          kennysheep_underground_church, minivault_20, drop_trap,
          grunt_ministairs_13, hangedman_elven_ridges, uniq_nikola
Vaults:1: nicolae_vaults_octagons, nicolae_vaults_circle_grid_a,
          hangedman_vaults_restitches, grunt_vaults_twisty,
          ontoclasm_vaults_claustrophobia, nicolae_vaults_twisting_passages,
          ontoclasm_vaults_decontamination, vaults_mumra_chevron_long,
          hangedman_vaults_impose, vaults_mumra_hex, vaults_room_semicircle,
          nicolae_vaults_little_squares_4, layout_vaults_omnicross,
          serial_shops, nicolae_shop_crystal

Skill      XL: |  1  2  3  4  5  6  7  8  9 10 11 12 13 14 15 16 17 |
---------------+----------------------------------------------------+-----
Fighting       | 4 6 8 9 10 11 12 13 14 15 | 15.1
Long Blades    | 1 3 |  3.8
Armour         | 2 3 4 5 6 8 9 10 11 | 11.3
Polearms       | 2 3 4 |  4.6
Axes           | 1 4 6 8 10 11 12 13 14 | 14.9
Shields        | 4 7 9 |  9.2
Dodging        | 3 6 8 10 11 12 | 12.0
Invocations    | 2 5 6 8 9 |  9.2
Short Blades   | |  1.5

Action                   |  1- 3 |  4- 6 |  7- 9 | 10-12 | 13-15 | 16-18 || total
-------------------------+-------+-------+-------+-------+-------+-------++-------
Melee: Short sword       |   146 |   193 |   273 |       |       |       ||   612
       Trident           |       |       |   303 |   771 |       |       ||  1074
       War axe           |       |       |       |    81 |  1465 |  1106 ||  2652
       Broad axe         |       |       |       |       |       |   189 ||   189
Throw: Dart              |       |    17 |     8 |     4 |     2 |     1 ||    32
       Javelin           |       |     4 |       |       |     1 |       ||     5
       Throwing net      |       |     1 |     1 |     5 |       |       ||     7
Invok: Depart the Abyss  |     1 |       |       |       |       |       ||     1
       Banish            |       |       |       |       |       |     1 ||     1
Evoke: Wand              |       |     9 |     9 |    23 |    53 |    18 ||   112
       Box of beasts     |       |       |       |       |     1 |       ||     1
  Use: Scroll            |       |       |     7 |     6 |     5 |    20 ||    38
 Stab: Held in net/web   |       |       |       |     1 |       |       ||     1
       Petrified         |       |       |       |       |    11 |       ||    11
       Sleeping          |       |       |       |       |     2 |     2 ||     4
Armor: Leather armour    |     8 |       |       |       |       |       ||     8
       Plate armour      |    90 |   102 |   327 |    75 |       |       ||   594
       Scale mail        |     6 |       |       |     7 |   289 |   275 ||   577
       Chain mail        |       |       |       |   275 |       |       ||   275
Dodge: Dodged            |    46 |    33 |    96 |   252 |   773 |   684 ||  1884
Block: Other             |    29 |    36 |    88 |       |       |       ||   153
       Reflection        |       |     1 |     7 |     9 |    33 |   152 ||   202
       Buckler           |       |       |    81 |   434 |   646 |       ||  1161
       Kite shield       |       |       |       |       |   142 |  1209 ||  1351
